Cogmind - Beta 15 @@@ ROGUE MODE // 2025.08.08 @ 06:50:02 Player: Dadrick Result: Heading to fleet! Performance ------------- Evolutions (9) 4500 Regions Visited (25) 5000 Robots Destroyed (266) 1330 Value Destroyed (8286) 8286 Prototype IDs (77) 1540 Alien Tech Used (6) 1200 Bonus (16016) 16016 TOTAL SCORE: 37872 Bonus ------- Triggered Max Security 2000 High Alert Combat Kills 541 Follower Combat Kills 1997 Network Hubs Disabled 400 Aligned with FarCom 300 Met Data Miner 300 Built Enhanced Grunts 300 A7 Reached Mainframe 300 Met R17 at Cetus 500 Found Hidden Lab 3000 Used Core Reset Matrix 3000 Met R17 at Research 2000 Win 3000 Friendly Fire -1622 Cogmind --------- Core Integrity 253/1600 Matter 300/300 Energy 99/100 System Corruption 5% Temperature Cool (0) Movement Core (50) Location To Fleet Rendezvous Parts ------- > --- POWER (2) -------- (None) > --- PROPULSION (8) --- (None) > --- UTILITY (12) ----- Enhanced Optical Array Enhanced Optical Array Advanced Signal Interpreter Experimental Signal Interpreter Advanced Melee Analysis Suite > --- WEAPON (3) ------- (None) > --- INVENTORY (5) ---- Subatomic Replicator Warp Cannon Cooled Nova Cannon Peak State ------------ > --- POWER ------------ Light Antimatter Reactor Light Antimatter Reactor > --- PROPULSION ------- Nuclear Pulse Array Diametric Drive Diametric Drive Electron Diverter Improved Diametric Drive Impulse Thruster Array > --- UTILITY ---------- Enhanced Optical Array Advanced Signal Interpreter Experimental Signal Interpreter Improved Melee Analysis Suite Advanced Melee Analysis Suite Advanced Melee Analysis Suite Improved Reaction Control System Experimental Powered Armor Advanced Shield Generator Experimental Hacking Suite Deep Network Scanner Improved System Shield > --- WEAPON ----------- Improved Plasma Cutter Sigix Broadsword > --- INVENTORY -------- Subatomic Replicator Warp Cannon Cooled Nova Cannon Sigix Terminator [Rating: 192] Favorites ----------- Power Light Nuclear Core Engine Heavy Deuterium Engine Power Core Light Nuclear Core Reactor Light Antimatter Reactor Propulsion Armored Treads Treads Armored Treads Leg Potential Leg Wheel Compact Wheel Hover Unit Combat Linear Gravjet Flight Unit Improved Cesium-ion Thruster Utility High-capacity Storage Unit Device Improved Heat Sink Storage High-capacity Storage Unit Processor Advanced Visual Processing Unit Hackware Hacking Suite Protection Improved Propulsion Shielding Weapon Heavy Particle Cannon Energy Gun Precision Beam Rifle Energy Cannon Heavy Particle Cannon Ballistic Gun Railgun Ballistic Cannon Light Cannon Launcher Grenade Launcher Special Weapon Improved Plasma Cutter Impact Weapon Makeshift Hammer Slashing Weapon Katana Piercing Weapon Force Lance Special Melee Weapon Improved Datajack Build | -11 -10 -10 -10 -9 -8 -7 -7 -6 -6 -6 -6 -5 -5 -5 -5 -5 -5 -4 -4 -4 -3 -3 -2 -2 -1 ------- Run | Yrd Mat Min Exi Min Mat Fac Sto Fac Low Low Dat Pro Fac Ext Cet Arc Hub Fac Arm Lab Res Tes Res Qua Acc Slots Evolved 18 | . . . . . 4 2 . 2 . . . . 2 . . . . 2 . . 2 . 2 . 2 Power 1 | . . . . . . . . . . . . . . . . . . 1 . . . . . . . Propulsion 6 | . . . . . 1 1 . . . . . . 1 . . . . 1 . . 1 . . . 1 Utility 10 | . . . . . 2 1 . 2 . . . . 1 . . . . . . . 1 . 2 . 1 Weapon 1 | . . . . . 1 . . . . . . . . . . . . . . . . . . . . Parts Attached 204 | 7 8 3 2 1 30 17 24 5 . 1 . 1 7 1 3 5 . 12 6 4 46 9 5 2 5 Power 29 | 1 . 1 . . 5 2 5 . . . . . . . . . . 4 2 . 8 . . . 1 Engine 10 | 1 . . . . 3 1 1 . . . . . . . . . . 2 . . 2 . . . . Core 9 | . . 1 . . 2 1 4 . . . . . . . . . . . . . 1 . . . . Reactor 10 | . . . . . . . . . . . . . . . . . . 2 2 . 5 . . . 1 Propulsion 45 | 2 . 2 2 . 6 5 6 . . . . . 4 . . . . 3 1 . 11 1 1 . 1 Treads 14 | 2 . 1 . . 3 5 2 . . . . . . . . . . . . . 1 . . . . Leg 5 | . . . 2 . 3 . . . . . . . . . . . . . . . . . . . . Wheel 1 | . . 1 . . . . . . . . . . . . . . . . . . . . . . . Hover 1 | . . . . . . . . . . . . . . . . . . . 1 . . . . . . Flight 24 | . . . . . . . 4 . . . . . 4 . . . . 3 . . 10 1 1 . 1 Utility 83 | 2 3 . . . 10 8 8 5 . . . 1 3 1 1 3 . 2 . 2 23 6 3 . 2 Device 38 | 1 . . . . 6 3 3 1 . . . . 2 . . 1 . 1 . . 14 4 1 . 1 Storage 3 | 1 2 . . . . . . . . . . . . . . . . . . . . . . . . Processor 14 | . . . . . 1 . . 2 . . . . . 1 . . . . . . 6 1 2 . 1 Hackware 10 | . . . . . . 1 1 1 . . . . 1 . . 2 . . . 1 3 . . . . Protection 18 | . 1 . . . 3 4 4 1 . . . 1 . . 1 . . 1 . 1 . 1 . . . Artifact . | . . . . . . . . . . . . . . . . . . . . . . . . . . Weapon 47 | 2 5 . . 1 9 2 5 . . 1 . . . . 2 2 . 3 3 2 4 2 1 2 1 Energy Gun 5 | 1 . . . . 2 . . . . . . . . . 1 . . . . . . . 1 . . Energy Cannon 12 | . . . . . 4 1 1 . . . . . . . . . . 1 . 1 2 2 . . . Ballistic Gun 3 | 1 . . . . . . . . . . . . . . . 1 . . . . 1 . . . . Ballistic Cannon 10 | . 4 . . . 2 . 1 . . . . . . . 1 . . 1 1 . . . . . . Launcher 5 | . . . . 1 . 1 2 . . . . . . . . . . . . . . . . . 1 Special Weapon 3 | . 1 . . . . . . . . . . . . . . . . . . 1 . . . 1 . Impact Weapon 2 | . . . . . 1 . . . . 1 . . . . . . . . . . . . . . . Slashing Weapon 3 | . . . . . . . . . . . . . . . . . . . 2 . . . . 1 . Piercing Weapon 1 | . . . . . . . . . . . . . . . . . . 1 . . . . . . . Special Melee Weapon 3 | . . . . . . . 1 . . . . . . . . 1 . . . . 1 . . . . Unidentified Prototypes 27 | . . . . . 2 1 3 . . . . . . . 2 . . . . 8 4 7 . . . Parts Lost 57 | . . 1 . 1 10 3 3 . . . . 1 . 1 . . . 7 12 . . . . . 18 Power 8 | . . . . . 1 1 1 . . . . . . . . . . 2 1 . . . . . 2 Propulsion 12 | . . 1 . . . . . . . . . . . . . . . 1 4 . . . . . 6 Utility 24 | . . . . 1 4 1 1 . . . . 1 . 1 . . . 2 5 . . . . . 8 Weapon 13 | . . . . . 5 1 1 . . . . . . . . . . 2 2 . . . . . 2 Highest Loss Streak 14 | . . 1 . 1 5 1 2 . . . . 1 . 1 . . . 6 5 . . . . . 14 To Critical Strikes 2 | . . . . . . . . . . . . . . . . . . . . . . . . . 2 Average Backups 13 | 1 11 18 19 19 19 19 19 5 5 5 5 4 4 4 5 5 5 4 4 5 4 5 5 4 3 Power 1 | . 1 1 1 1 1 1 1 1 1 1 1 1 1 1 1 1 1 . 1 . . . . . . Propulsion 3 | . 1 4 5 5 4 3 6 . 1 1 1 1 . 1 1 1 1 . . . . 1 1 . . Utility 5 | . 2 4 5 5 8 9 7 2 2 2 2 1 2 1 2 2 2 1 1 1 1 . . . . Weapon 3 | 1 6 8 7 6 4 4 3 . 1 1 1 1 1 1 . 1 1 . 1 2 2 2 3 3 2 Tool/Special . | . . . . . . . . . . . . . . . . . . . . . . . . . . Unused Backups 37 | . 1 2 2 . 12 8 6 2 . . . . . . 1 . . . . 2 . . . . 1 Power 6 | . . 1 . . 2 1 . . . . . . . . 1 . . . . 1 . . . . . Propulsion 12 | . . . 1 . 7 2 2 . . . . . . . . . . . . . . . . . . Utility 11 | . . . 1 . 1 5 3 1 . . . . . . . . . . . . . . . . . Weapon 7 | . 1 1 . . 2 . 1 1 . . . . . . . . . . . 1 . . . . . Tool/Special 1 | . . . . . . . . . . . . . . . . . . . . . . . . . 1 Average Slot Usage (%) 93 | . 100 99 71 99 98 99 99 99 100 100 100 99 95 93 94 94 94 83 57 18 69 94 93 91 57 Engine 3 | . 14 5 . . 4 4 5 . . . . . . . . . . 1 . . . . . . . Core 3 | . . 8 14 14 4 2 1 6 6 6 6 6 4 5 5 5 5 2 . . . . . . . Treads 12 | . 28 17 7 . 13 29 28 . . . . . . . . . . . . . . . . . . Leg 4 | . . . 13 28 13 . . . . . . . . . . . . . . . . . . . . Flight 8 | . . . . . . . 2 26 26 26 26 26 25 23 23 23 23 23 15 . 19 28 26 26 12 Device 7 | . 9 6 14 11 9 9 6 8 6 6 6 7 3 5 5 5 5 6 5 . 8 7 4 4 3 Storage 6 | . 14 14 14 14 9 7 6 . . . . . . . . . . . . . . . . . . Processor 8 | . . . . . 8 7 7 10 13 13 13 13 11 16 17 11 11 10 9 5 13 16 24 26 24 Hackware 5 | . . . . . . 3 7 13 13 13 13 13 16 11 11 16 17 15 10 8 12 14 13 13 7 Protection 7 | . 4 7 . 1 8 8 7 12 13 13 13 11 12 11 11 10 11 6 3 . . 3 4 4 1 Energy Cannon 6 | . . . . . 14 14 13 . . . . . . . . . . . . . 2 3 4 1 . Ballistic Cannon 5 | . 19 28 . 26 2 . . 6 6 6 6 6 4 4 5 . . . 3 . . . . . . Impact Weapon 4 | . . . . . 7 6 7 6 6 6 6 6 5 5 5 5 5 1 . . . . . . . Special Melee Weapon 1 | . . . . . . . . 6 6 6 6 6 5 5 4 5 5 2 . . 1 4 4 . . Peak Build Rating 192 | 7 8 12 28 31 51 48 54 56 56 56 55 55 75 76 84 92 90 106 99 36 148 161 165 189 192 Average Rating 52 | 5 7 10 18 30 40 45 47 54 56 55 55 54 69 74 75 89 90 93 69 22 103 151 163 178 115 On Entrance 64 | . 7 8 12 28 30 36 48 46 56 56 55 55 55 71 75 81 90 90 94 16 26 145 155 165 183 Naked Turns . | . . . . . . . . . . . . . . . . . . . . . . . . . . Heaviest Build 88 | 12 52 54 46 54 72 85 88 24 22 22 22 23 25 29 30 29 26 39 39 2 44 50 49 62 53 Greatest Support 88 | 40 40 40 60 60 75 82 88 24 24 24 24 24 32 31 31 31 31 42 42 3 55 52 52 52 58 Greatest Overweight (x) 3 | . 1 3 2 . 3 1 2 . . . . . . . . . . . . . . . . 1 . Average Overweight (x) . | . . 2 . . . . . . . . . . . . . . . . . . . . . . . Largest Inventory Capacity 20 | 8 20 20 20 20 20 20 20 5 5 5 5 5 5 5 5 5 5 5 5 5 5 5 5 5 5 Average Capacity 13 | 7 15 20 20 20 20 20 19 5 5 5 5 5 5 5 5 5 5 5 5 5 5 5 5 5 5 Most Carried 20 | 3 17 20 20 20 20 20 20 5 5 5 5 5 5 5 5 5 5 5 5 5 5 5 5 5 5 Average Carried 13 | 1 11 18 19 19 19 19 19 4 5 5 5 4 4 4 4 5 5 4 4 4 4 4 4 4 4 Final Capacity 20 | 8 20 20 20 20 20 20 20 5 5 5 5 5 5 5 5 5 5 5 5 5 5 5 5 5 5 Final Carried 20 | 3 17 20 20 19 20 20 9 5 5 5 5 5 5 5 5 5 5 5 5 4 5 5 5 5 3 Class Distribution -------------------- 55% | Mutant 19% | Hacker-Sprinter 13% | Commander-Sprinter 6% | Assassin Dominant Class ---------------- Mutant | -10/Materials Mutant | -10/Mines Mutant | -10/Exiles Mutant | -9/Mines Mutant | -8/Materials Mutant | -7/Factory Mutant | -7/Storage Commander-Sprinter | -6/Factory Hacker-Sprinter | -6/Lower Caves Hacker-Sprinter | -6/Lower Caves Hacker-Sprinter | -6/Data Miner Hacker-Sprinter | -5/Proximity Caves Hacker-Sprinter | -5/Factory Commander-Sprinter | -5/Extension Commander-Sprinter | -5/Cetus Commander-Sprinter | -5/Archives Commander-Sprinter | -5/Hub_04(d) Hacker-Sprinter | -4/Factory Mutant | -4/Armory Hacker-Mutant | -4/Lab Hacker-Sprinter | -3/Research Hacker-Sprinter | -3/Testing Hacker-Sprinter | -2/Research Hacker-Sprinter | -2/Quarantine Hacker-Sprinter | -1/Access Resources | -11 -10 -10 -10 -9 -8 -7 -7 -6 -6 -6 -6 -5 -5 -5 -5 -5 -5 -4 -4 -4 -3 -3 -2 -2 -1 ----------- Run | Yrd Mat Min Exi Min Mat Fac Sto Fac Low Low Dat Pro Fac Ext Cet Arc Hub Fac Arm Lab Res Tes Res Qua Acc Matter Collected 5993 | 285 540 399 32 196 996 196 370 167 59 . . 172 193 247 261 293 62 242 . . 845 200 50 28 160 Remotely . | . . . . . . . . . . . . . . . . . . . . . . . . . . Salvage Created 10265 | 97 946 358 . 173 2344 1674 1030 113 . . . . 325 965 159 306 290 467 49 . 492 210 121 28 118 Parts 452 | 7 47 27 . 7 117 76 54 3 . . . . 6 16 6 13 13 24 4 . 15 9 5 2 1 Haulers Intercepted 23 | . 2 . . . 5 4 3 1 . . . . . . . . 1 1 . . 2 2 1 . 1 Recyclers Shooed 13 | 1 2 . . . . 4 . . . . . . 1 2 . . . 1 . . 2 . . . . Parts Field Recycled . | . . . . . . . . . . . . . . . . . . . . . . . . . . Retrieved Matter . | . . . . . . . . . . . . . . . . . . . . . . . . . . Parts Self-Destructed . | . . . . . . . . . . . . . . . . . . . . . . . . . . Prevented . | . . . . . . . . . . . . . . . . . . . . . . . . . . Kills | -11 -10 -10 -10 -9 -8 -7 -7 -6 -6 -6 -6 -5 -5 -5 -5 -5 -5 -4 -4 -4 -3 -3 -2 -2 -1 ------- Run | Yrd Mat Min Exi Min Mat Fac Sto Fac Low Low Dat Pro Fac Ext Cet Arc Hub Fac Arm Lab Res Tes Res Qua Acc Combat Hostiles Destroyed 154 | . 16 13 . 6 39 32 16 . . . . . . 9 1 1 . 6 4 . 1 . . . 10 Melee 9 | . . . . . . 3 . . . . . . . 4 . . . 2 . . . . . . . Guns 11 | . 6 . . . 5 . . . . . . . . . . . . . . . . . . . . Cannons 89 | . 10 13 . 4 27 19 12 . . . . . . . 1 1 . 1 . . 1 . . . . AOE 41 | . . . . 2 6 9 3 . . . . . . 4 . . . 3 4 . . . . . 10 Classes Destroyed 18 | 2 6 . . 2 6 1 . . . . . . . . . . . 1 . . . . . . . Worker 21 | . 1 4 . 1 3 2 1 . . . . . . . . . 5 1 . . 1 . . . 2 Builder 10 | . . . . . 5 . . 1 . . . . . . . . 2 . . . 2 . . . . Tunneler 7 | 1 . . . . 2 1 . . . . . . 2 . . . . . . . . . . . 1 Hauler 23 | . 2 . . . 5 4 3 1 . . . . . . . . 1 1 . . 2 2 1 . 1 Recycler 26 | 1 5 1 . 2 3 3 3 . . . . . 2 3 . . . 1 . . 1 . . . 1 Operator 10 | . 1 . . . 1 . . . . . . . . . . 6 . . . . . . 1 1 . Watcher 18 | . 2 . . . 5 3 2 . . . . . 2 . 2 . 1 . . . . 1 . . . Swarmer 37 | . 6 9 . . 3 7 8 . . . . . . . . . . . 4 . . . . . . Cutter 5 | . . . . . . . . . . . . . . . . . . 5 . . . . . . . Grunt 63 | . 10 4 . 1 20 11 2 . . . . . . 6 . . . . . . . . . . 9 Duelist 1 | . . . . . 1 . . . . . . . . . . . . . . . . . . . . Sentry 21 | . . . . . 9 4 3 . . . . . . 1 . 1 . 1 . . 1 . . . 1 Demolisher 2 | . . . . 2 . . . . . . . . . . . . . . . . . . . . . Specialist 2 | . . . . . 2 . . . . . . . . . . . . . . . . . . . . Hunter 8 | . . . . . 3 2 1 . . . . . . 2 . . . . . . . . . . . Programmer 7 | . . . . . . 5 2 . . . . . . . . . . . . . . . . . . Heavy 1 | . . . . . 1 . . . . . . . . . . . . . . . . . . . . Cetus Guard 1 | . . . . . . . . . . . . . . . 1 . . . . . . . . . . Assembled 6 | . . . . 3 . 3 . . . . . . . . . . . . . . . . . . . Thug 1 | . . . . . . . . . . . . . . . 1 . . . . . . . . . . Butcher 1 | . . . . . . . . . . . . . . 1 . . . . . . . . . . . Best Kill Streak 14 | 2 5 4 . 5 8 13 10 1 . . . . 2 2 1 3 8 3 4 . 1 2 1 1 14 Combat Bots Only 10 | . 4 3 . 3 8 9 6 . . . . . . 2 1 1 . 3 4 . 1 . . . 10 Max Kills in Single Turn 14 | 1 2 2 . 2 2 3 3 1 . . . . 1 1 1 1 4 2 2 . 1 1 1 1 14 Gunslinging . | . . . . . . . . . . . . . . . . . . . . . . . . . . Exploded 10 | . . . . 1 1 2 3 . . . . . . 1 . . . 2 2 . . . . . 10 Melee 1 | . . . . . . 1 . . . . . . . 1 . . . 1 . . . . . . . Uniques/NPCs Destroyed 1 | . . . . . . . . . . . . . . . 1 . . . . . . . . . . A7 (-5/Cetus) Combat | -11 -10 -10 -10 -9 -8 -7 -7 -6 -6 -6 -6 -5 -5 -5 -5 -5 -5 -4 -4 -4 -3 -3 -2 -2 -1 -------- Run | Yrd Mat Min Exi Min Mat Fac Sto Fac Low Low Dat Pro Fac Ext Cet Arc Hub Fac Arm Lab Res Tes Res Qua Acc Hostile Shots Fired 1367 | . 50 31 . 17 242 244 117 18 . . . 27 15 22 11 . 1 45 145 . 1 9 8 13 351 Missed 547 | . 8 8 . 5 68 82 42 10 . . . 13 10 14 7 . . 22 70 . 1 5 5 7 170 Hits 820 | . 42 23 . 12 174 162 75 8 . . . 14 5 8 4 . 1 23 75 . . 4 3 6 181 Melee 23 | . . . . 4 1 9 . . . . . . . . . . . 9 . . . . . . . Projectile 797 | . 42 23 . 8 173 153 75 8 . . . 14 5 8 4 . 1 14 75 . . 4 3 6 181 AOE 6 | . . . . 3 . 1 1 . . . . . . . . . . 1 . . . . . . . Critical Strikes 34 | . . 1 . . 8 4 1 . . . . . . 1 . . . 2 5 . . . . 1 11 Actively Blocked 1 | . . . . . 1 . . . . . . . . . . . . . . . . . . . . Part Disruptions 1 | . . . . . . 1 . . . . . . . . . . . . . . . . . . . Damage Taken 13923 | . 426 275 . 300 2783 2298 1031 61 . . . 239 99 212 139 . 186 705 1677 . 72 77 15 107 3221 Core 2780 | . 64 27 . 55 307 98 101 . . . . 39 80 . 24 . 32 66 471 . . 44 . 25 1347 Absorbed by Shields 259 | . . . . . . 28 . . . . . . . 5 . . . . . . 26 29 6 38 127 Redirected to Shielding 180 | . . . . . 51 . . 6 . . . 22 . 24 18 . . 59 . . . . . . . Ignored by Resistances 78 | . . . . . . . 78 . . . . . . . . . . . . . . . . . . Regen/Repaired (Parts) 464 | . . . . . 107 100 . . . . . . 151 . . . . . 43 . . . . 15 48 Core Remaining (%) 71 | 100 . . . 41 44 . 71 . . . . 95 . . . . 86 . . 72 . 96 . 98 15 Volleys Fired 572 | 5 74 31 . 18 150 94 43 1 10 . . 15 5 15 25 38 14 7 4 . 3 1 . 8 11 Largest 2 | 2 2 2 . 2 2 2 2 1 1 . . 1 1 1 1 1 1 1 1 . 1 1 . 1 1 Hottest 150 | 60 100 60 . 100 150 150 150 40 40 . . 40 40 43 43 48 35 88 51 . 94 50 . 50 100 Shots Fired 934 | 10 135 63 . 32 278 178 80 1 10 . . 15 5 14 25 38 14 7 5 . 3 2 . 8 11 Gun 149 | 10 51 . . . 40 . . . . . . . . . . 32 14 2 . . . . . . . Cannon 727 | . 72 63 . 27 226 168 79 1 10 . . 15 5 7 20 6 . 3 3 . 3 2 . 7 10 Launcher 42 | . . . . 2 12 10 1 . . . . . . 7 5 . . 2 2 . . . . . 1 Special 16 | . 12 . . 3 . . . . . . . . . . . . . . . . . . . 1 . Kinetic 413 | 5 98 63 . 27 105 . . 1 10 . . 15 5 7 20 38 14 2 3 . . . . . . Thermal 473 | 5 37 . . 3 161 168 79 . . . . . . . . . . . . . . 1 . 8 11 Explosive 41 | . . . . 2 12 10 1 . . . . . . 7 5 . . 2 2 . . . . . . Electromagnetic 7 | . . . . . . . . . . . . . . . . . . 3 . . 3 1 . . . Robot Hit Streak 23 | 5 7 8 . 4 23 10 10 . . . . . 5 6 5 8 . 3 . . 2 . . . 4 Robot Miss Streak 6 | 3 2 5 . 6 3 5 2 . . . . . 2 2 2 4 . 1 2 . 3 . . . . Penetration Max 1 | . . . . . . . . . . . . . . . . 1 . . . . . . . . . Secondary Targets 2 | . 1 . . . 1 . . . . . . . . . . . . . . . . . . . . Max Gunslinging Chain 1 | . 1 . . . 1 . . . . . . . . . . . . . . . . . . . . Shots Hit Robots 614 | 6 68 35 . 11 184 95 55 5 . . . . 13 44 15 24 6 13 . . 24 5 3 1 7 Core Hits 362 | 3 37 19 . 14 92 66 27 1 . . . . 2 18 21 10 12 10 4 . 10 3 2 1 10 Critical Kills 8 | . . . . . 1 2 1 . . . . . . 1 . 2 1 . . . . . . . . Critical Parts Destroyed 13 | . . . . . 5 . 1 . . . . . 1 1 . 4 . 1 . . . . . . . Critical Strikes 33 | . 1 . . . 10 2 2 . . . . . 1 3 1 6 1 3 . . 3 . . . . Burn 3 | . . . . . 3 . . . . . . . . . . . . . . . . . . . . Meltdown 3 | . . . . . . 2 1 . . . . . . . . . . . . . . . . . . Destroy 5 | . . . . . . . . . . . . . . . . 5 . . . . . . . . . Blast 4 | . 1 . . . 1 . . . . . . . . 1 1 . . . . . . . . . . Smash 13 | . . . . . 6 . 1 . . . . . 1 2 . 1 1 1 . . . . . . . Sever 3 | . . . . . . . . . . . . . . . . . . . . . 3 . . . . Impale 2 | . . . . . . . . . . . . . . . . . . 2 . . . . . . . Melee Attacks 378 | . . . . . 26 18 12 23 2 . . 16 30 60 1 2 12 22 44 10 40 11 12 18 19 Impact 179 | . . . . . 26 18 12 23 2 . . 16 30 34 1 2 12 3 . . . . . . . Slashing 128 | . . . . . . . . . . . . . . . . . . . 18 10 40 11 12 18 19 Piercing 45 | . . . . . . . . . . . . . . . . . . 19 26 . . . . . . Sneak Attacks 72 | . . . . . 10 . 5 2 . . . . 5 28 . 2 3 3 . . 7 2 3 1 1 Combat Hostiles . | . . . . . . . . . . . . . . . . . . . . . . . . . . Follow-up Attacks . | . . . . . . . . . . . . . . . . . . . . . . . . . . Damage Inflicted 34981 | 86 1093 643 . 419 5149 3667 2082 394 . . . . 705 1562 999 815 1010 850 348 . 1073 287 273 215 13311 Guns 1687 | 86 394 . . . 637 . . . . . . . . . . 570 . . . . . . . . . Cannons 9298 | . 699 643 . 233 2969 2515 1299 . . . . . 89 117 471 57 . 33 . . 70 . . . 103 Explosions 16662 | . . . . 186 535 1016 202 . . . . . . 588 491 . 467 241 348 . . . . . 12588 Melee 7334 | . . . . . 1008 136 581 394 . . . . 616 857 37 188 543 576 . . 1003 287 273 215 620 Ramming . | . . . . . . . . . . . . . . . . . . . . . . . . . . Kinetic 4350 | 43 913 643 . 233 1214 . . . . . . . 89 117 471 627 . . . . . . . . . Thermal 19120 | 43 180 . . . 2392 2515 1299 . . . . . . . . . . . . . . . . . 12691 Explosive 3607 | . . . . 186 535 1016 202 . . . . . . 588 491 . . 241 348 . . . . . . Electromagnetic 570 | . . . . . . . . . . . . . . . . . 467 33 . . 70 . . . . Impact 4481 | . . . . . 1008 136 581 394 . . . . 616 857 37 188 543 121 . . . . . . . Slashing 2398 | . . . . . . . . . . . . . . . . . . . . . 1003 287 273 215 620 Piercing 455 | . . . . . . . . . . . . . . . . . . 455 . . . . . . . Highest Corruption 16 | . 2 2 2 2 . 4 4 . . . . . 1 1 1 1 2 4 16 16 2 2 . . 5 Average Corruption 3 | . 2 2 2 2 . 3 1 . . . . . 1 1 1 1 1 4 9 16 2 2 . . 3 Corruption Purged 5 | . . . . . . . 4 . . . . . . . . 1 . . . . . . . . . Corruption Blocked . | . . . . . . . . . . . . . . . . . . . . . . . . . . Effects 83 | . 4 14 4 6 . 2 2 . . . . . 1 9 1 1 . 5 19 9 2 2 . . 2 Message Errors 24 | . 1 4 1 2 . 1 . . . . . . . 3 . . . 1 6 3 . 1 . . 1 Matter Fused 22 | . 1 4 . 1 . . 1 . . . . . . . 1 1 . 2 8 3 . . . . . Heat Flow Errors 8 | . 2 2 . . . . 1 . . . . . . 2 . . . . . 1 . . . . . Energy Discharges 4 | . . . . . . . . . . . . . 1 1 . . . 1 1 . . . . . . Parts Rejected 1 | . . . . . . . . . . . . . . . . . . . 1 . . . . . . Parts Fused 1 | . . 1 . . . . . . . . . . . . . . . . . . . . . . . Data Loss (minor) 12 | . . 1 1 1 . 1 . . . . . . . 2 . . . 1 . 2 2 . . . 1 Data Loss (major) 4 | . . 1 2 1 . . . . . . . . . . . . . . . . . . . . . Misfires 4 | . . 1 . 1 . . . . . . . . . . . . . . 1 . . 1 . . . Misdirections 2 | . . . . . . . . . . . . . . . . . . . 2 . . . . . . Weapon Failures 1 | . . . . . . . . . . . . . . 1 . . . . . . . . . . . Overload Shots . | . . . . . . . . . . . . . . . . . . . . . . . . . . Overflow Damage 3672 | . 16 16 . 12 834 79 238 89 . . . . 284 427 . 143 209 187 . . 169 . 16 . 953 Projectiles 243 | . 16 16 . . 33 68 17 . . . . . 8 67 . . . . . . . . . . 18 Explosions 899 | . . . . 12 . 11 23 . . . . . . 7 . . 8 18 . . . . . . 820 Melee 2530 | . . . . . 801 . 198 89 . . . . 276 353 . 143 201 169 . . 169 . 16 . 115 Knockbacks 42 | . 5 7 . 4 11 . 2 1 . . . . 4 4 4 . . . . . . . . . . Impact 12 | . . . . . 2 . 2 1 . . . . 3 4 . . . . . . . . . . . Kinetic 27 | . 5 6 . 4 7 . . . . . . . 1 . 4 . . . . . . . . . . Secondary 3 | . . 1 . . 2 . . . . . . . . . . . . . . . . . . . . Self-Inflicted Damage 366 | . . . . . 30 . 80 . . . . . . . . . 146 103 7 . . . . . . Shots 7 | . . . . . 1 . 1 . . . . . . . . . 2 2 1 . . . . . . Rammed . | . . . . . . . . . . . . . . . . . . . . . . . . . . Targets Rammed . | . . . . . . . . . . . . . . . . . . . . . . . . . . Kicked . | . . . . . . . . . . . . . . . . . . . . . . . . . . Crushed . | . . . . . . . . . . . . . . . . . . . . . . . . . . Highest Temperature 428 | . 282 194 . 114 318 168 166 1 36 . . 42 12 275 12 18 6 194 348 133 428 118 9 . . Average Temperature 45 | . 38 48 . 37 81 44 12 1 15 . . 20 4 75 5 8 6 40 107 68 64 20 4 . . Received Heat Transfer 2733 | . 141 129 . 39 1035 578 87 18 . . . 57 9 45 9 . . 54 499 . . 6 . 18 9 Effects 3 | . . . . . . . . . . . . . . . . . . . 2 . 1 . . . . Energy Bleed 1 | . . . . . . . . . . . . . . . . . . . 1 . . . . . . Matter Decay 1 | . . . . . . . . . . . . . . . . . . . . . 1 . . . . Damage (minor) 1 | . . . . . . . . . . . . . . . . . . . 1 . . . . . . Siege Activations . | . . . . . . . . . . . . . . . . . . . . . . . . . . Martial Activations . | . . . . . . . . . . . . . . . . . . . . . . . . . . Shielding Activations . | . . . . . . . . . . . . . . . . . . . . . . . . . . Robots Disrupted . | . . . . . . . . . . . . . . . . . . . . . . . . . . Combat Hostiles . | . . . . . . . . . . . . . . . . . . . . . . . . . . Robots Corrupted 17 | . . . . . 3 . 2 1 . . . . 3 4 . 2 1 1 . . . . . . . Combat Hostiles 2 | . . . . . . . 1 . . . . . . 1 . . . . . . . . . . . Parts Fried 41 | . . . . . 13 . 2 1 . . . . 6 10 . 2 6 1 . . . . . . . Impact Corruptions 65 | . . . . . 20 . 6 4 . . . . 8 14 . 4 8 1 . . . . . . . Robots Melted 4 | . . . . . 1 2 1 . . . . . . . . . . . . . . . . . . Combat Hostiles 2 | . . . . . 1 1 . . . . . . . . . . . . . . . . . . . Parts Melted 23 | . . . . . 9 8 3 . . . . . . 2 . . . . . . 1 . . . . Heat Transferred 10450 | 100 425 . . . 4255 3589 1887 . . . . . . . . . . . . . . . . . 194 Parts Sabotaged 2 | . . . . . . . . . . . . . . . . . . 2 . . . . . . . Parts Stolen . | . . . . . . . . . . . . . . . . . . . . . . . . . . Parts Stripped . | . . . . . . . . . . . . . . . . . . . . . . . . . . Power Chain Reactions . | . . . . . . . . . . . . . . . . . . . . . . . . . . Alert | -11 -10 -10 -10 -9 -8 -7 -7 -6 -6 -6 -6 -5 -5 -5 -5 -5 -5 -4 -4 -4 -3 -3 -2 -2 -1 ------- Run | Yrd Mat Min Exi Min Mat Fac Sto Fac Low Low Dat Pro Fac Ext Cet Arc Hub Fac Arm Lab Res Tes Res Qua Acc Maximum Alert Level 5 | . . . . . 1 1 1 . . . . . 1 2 2 2 3 1 1 . . 5 4 5 5 Low Security (%) 62 | 100 100 100 . 100 42 97 33 100 . . . . 70 44 . 30 65 75 99 . 100 . . . . Level 1 27 | . . . . . 57 2 66 . . . . . 29 25 19 44 . 24 . . . . . . . Level 2 7 | . . . . . . . . . . . . . . 30 80 24 32 . . . . . 17 . 90 Level 3 . | . . . . . . . . . . . . . . . . . 2 . . . . . 70 . 1 Level 4 . | . . . . . . . . . . . . . . . . . . . . . . . 12 . 2 Level 5 . | . . . . . . . . . . . . . . . . . . . . . . . . . 5 High Security . | . . . . . . . . . . . . . . . . . . . . . . . . . . Max Security 1 | . . . . . . . . . . . . . . . . . . . . . . 99 . 99 . Peak Influence 1899 | 10 123 94 . 65 380 349 352 134 . . . . 304 599 649 496 709 357 199 . 41 1762 1105 1899 1696 Initial 1139 | . . 41 . . 13 116 156 119 . . . . 300 37 292 231 32 347 133 . . 18 1100 384 1139 Average 202 | . 39 40 . 14 206 61 238 67 . . . . 169 301 512 290 234 193 60 . 5 1660 821 1659 670 Influence Increases 11519 | 10 502 413 . 151 1348 976 606 350 . 45 . 90 457 1280 649 335 907 483 667 . 135 162 114 299 1540 Destroy 0b10 Robot/C 3800 | . 320 300 . 60 780 580 320 100 . . . . . 500 240 80 40 120 140 . 20 . . . 200 Destroy 0b10 Robot/NC 590 | 10 55 25 . 15 120 65 45 10 . . . . 30 20 10 35 50 15 . . 30 15 10 5 25 Destroy Leader 886 | . 78 60 . 20 240 192 90 32 . . . . 4 50 10 . 14 32 10 . 14 6 2 . 32 Allied During Kill 871 | . . 22 . . . . . 19 . . . . . 347 245 115 96 . 27 . . . . . . Successful Hack 477 | . 4 6 . . 35 45 42 55 . . . . 10 35 14 . . 48 78 . . . . . 105 Select Force Hacks 120 | . . . . . 30 . . 30 . . . . 30 30 . . . . . . . . . . . Disable Machine 840 | . 15 . . 15 30 45 45 15 . . . . . 15 . 60 270 . 75 . . 75 . 60 120 Anti-Garrison Action 150 | . . . . . . . . . . . . . . . . . . 150 . . . . . . . Destroy Structure 2030 | . 15 . . 11 113 49 49 14 . . . . 38 118 130 30 422 88 112 . 26 6 27 39 743 Advance Influence 300 | . . . . . . . . . . . . . 300 . . . . . . . . . . . . Partial Spotted 315 | . . . . . . . . 15 . . . . 30 75 . 15 . 15 30 . 45 . . . 90 Lose Combat Pursuer 1140 | . 15 . . 30 . . 15 60 . 45 . 90 15 90 . . 15 15 195 . . 60 75 195 225 Influence Decreases 12794 | 10 395 506 14 116 1125 889 689 578 34 10 35 90 380 834 593 822 290 920 830 109 102 15 1302 300 1806 Entered New Map 3761 | . . 66 14 . 22 142 189 143 14 . 35 . . 40 231 348 60 362 139 109 . 15 772 300 760 Time Decay 5246 | 10 395 395 . 116 703 472 470 170 20 10 . 90 380 434 222 474 50 278 169 . 102 . 80 . 206 Lost Part 521 | . . 5 . . 100 30 30 . . . . . . 10 . . . 70 96 . . . . . 180 Lost Ally 939 | . . 40 . . . 10 . 123 . . . . . 200 140 . 180 60 126 . . . . . 60 Purge Threat 2327 | . . . . . 300 235 . 142 . . . . . 150 . . . 150 300 . . . 450 . 600 Squads Dispatched 76 | . 3 . . . 10 13 4 5 . . . . 5 2 1 . . 7 2 . 7 6 1 6 4 Investigation 14 | . . . . . 3 2 . 1 . . . . 2 2 1 . . . . . 2 . . . 1 Extermination 18 | . . . . . . 5 2 1 . . . . 3 . . . . 2 2 . . . 1 . 2 Reinforcement 22 | . 3 . . . 4 2 2 2 . . . . . . . . . 3 . . 5 . . . 1 Assault 14 | . . . . . . . . . . . . . . . . . . 2 . . . 6 . 6 . Garrison 8 | . . . . . 3 4 . 1 . . . . . . . . . . . . . . . . . Intercept . | . . . . . . . . . . . . . . . . . . . . . . . . . . Searches Triggered . | . . . . . . . . . . . . . . . . . . . . . . . . . . Construction Impeded 4 | . . . . . 1 . 1 . . . . . . . . . . . . . 1 . . . 1 Haulers Reinforced 3 | . . . . . . 1 1 . . . . . . . . . . . . . 1 . . . . Active Scanning Responses . | . . . . . . . . . . . . . . . . . . . . . . . . . . Cargo Convoy Interrupts . | . . . . . . . . . . . . . . . . . . . . . . . . . . Stealth | -11 -10 -10 -10 -9 -8 -7 -7 -6 -6 -6 -6 -5 -5 -5 -5 -5 -5 -4 -4 -4 -3 -3 -2 -2 -1 --------- Run | Yrd Mat Min Exi Min Mat Fac Sto Fac Low Low Dat Pro Fac Ext Cet Arc Hub Fac Arm Lab Res Tes Res Qua Acc Distress Signals 24 | . 1 . . . 2 3 1 . . . . . . 1 . . . 3 2 . 2 . 4 . 5 Communications Jammed . | . . . . . . . . . . . . . . . . . . . . . . . . . . Distress Signals . | . . . . . . . . . . . . . . . . . . . . . . . . . . Times Spotted 452 | . 28 12 . 9 49 55 18 7 . 2 . 20 12 32 10 18 4 29 40 . 9 14 11 33 40 Peak Tracking Total 24 | . 4 3 . 3 6 9 6 4 . 4 . 7 10 7 5 1 4 6 11 . 4 9 8 24 16 Tactical Retreats 46 | . 1 . . 1 . . 1 3 . 1 . 5 2 4 . . 1 7 9 . . 1 3 2 5 Traps | -11 -10 -10 -10 -9 -8 -7 -7 -6 -6 -6 -6 -5 -5 -5 -5 -5 -5 -4 -4 -4 -3 -3 -2 -2 -1 ------- Run | Yrd Mat Min Exi Min Mat Fac Sto Fac Low Low Dat Pro Fac Ext Cet Arc Hub Fac Arm Lab Res Tes Res Qua Acc Traps Triggered 22 | . 1 . . . 1 2 . . . . . . 5 1 . . 3 2 1 . 4 . . . 2 Indirectly 3 | . . . . . . . . . . . . . . . . . 3 . . . . . . . . Trap Hack Attempts . | . . . . . . . . . . . . . . . . . . . . . . . . . . Triggered . | . . . . . . . . . . . . . . . . . . . . . . . . . . Disarmed 5 | . . . . . . . . . . . . . . 5 . . . . . . . . . . . Reprogrammed . | . . . . . . . . . . . . . . . . . . . . . . . . . . Reused . | . . . . . . . . . . . . . . . . . . . . . . . . . . Traps Extracted . | . . . . . . . . . . . . . . . . . . . . . . . . . . Installed . | . . . . . . . . . . . . . . . . . . . . . . . . . . Triggered . | . . . . . . . . . . . . . . . . . . . . . . . . . . Machines | -11 -10 -10 -10 -9 -8 -7 -7 -6 -6 -6 -6 -5 -5 -5 -5 -5 -5 -4 -4 -4 -3 -3 -2 -2 -1 ---------- Run | Yrd Mat Min Exi Min Mat Fac Sto Fac Low Low Dat Pro Fac Ext Cet Arc Hub Fac Arm Lab Res Tes Res Qua Acc Machines Disabled 61 | . 1 . . 1 2 3 3 1 . . . . . 2 . 4 18 1 5 3 . 5 . 4 8 Max in Single Turn 12 | . 1 . . 1 1 1 1 1 . . . . . 1 . 1 12 1 2 1 . 1 . 1 6 Garrison Access 8 | . . . . . . . . 2 . . . . . . . . . 2 . . 1 . 1 . 2 Network Hub 2 | . . . . . . . . . . . . . . . . . 2 . . . . . . . . Energy Cycler 1 | . . . . . . . . . . . . . . . . . . . . . . . . . 1 Machines Repaired . | . . . . . . . . . . . . . . . . . . . . . . . . . . Machines Dismantled 1 | . . . . . . . . . . . . . . . . . . . . . . . . 1 . Machines Sabotaged . | . . . . . . . . . . . . . . . . . . . . . . . . . . Overloaded Fab Kills . | . . . . . . . . . . . . . . . . . . . . . . . . . . Hacking | -11 -10 -10 -10 -9 -8 -7 -7 -6 -6 -6 -6 -5 -5 -5 -5 -5 -5 -4 -4 -4 -3 -3 -2 -2 -1 --------- Run | Yrd Mat Min Exi Min Mat Fac Sto Fac Low Low Dat Pro Fac Ext Cet Arc Hub Fac Arm Lab Res Tes Res Qua Acc Machines Accessed 122 | . 7 2 2 . 13 13 7 9 . . 4 . 12 8 3 . . 11 11 . 6 . 6 . 8 Terminals 81 | . 5 2 . . 9 10 7 5 . . . . 6 7 3 . . 7 8 . 3 . 3 . 6 Fabricators 6 | . . . . . . . . 1 . . . . 3 . . . . 1 1 . . . . . . Repair Stations 5 | . . . . . 2 1 . . . . . . 1 . . . . . 1 . . . . . . Recycling Units 12 | . 2 . . . 1 1 . 1 . . . . 1 1 . . . 2 1 . 2 . . . . Scanalyzers 3 | . . . . . . 1 . . . . . . 1 . . . . . . . . . 1 . . Garrison Access 9 | . . . . . 1 . . 2 . . . . . . . . . 1 . . 1 . 2 . 2 Total Hacks 369 | . 11 3 2 . 38 33 13 17 . . 28 . 28 23 8 . . 50 28 . 17 . 37 . 33 Successful 220 | . 10 2 2 . 20 19 4 9 . . 28 . 22 16 5 . . 24 15 . 8 . 19 . 17 Failed 149 | . 1 1 . . 18 14 9 8 . . . . 6 7 3 . . 26 13 . 9 . 18 . 16 Catastrophic 21 | . . . . . 4 1 1 . . . . . 1 . 1 . . 3 2 . 2 . 3 . 3 Database Lockouts . | . . . . . . . . . . . . . . . . . . . . . . . . . . Manual 143 | . 8 1 1 . 25 15 . 4 . . . . 11 8 1 . . 33 9 . 6 . 15 . 6 Terminals 265 | . 9 3 . . 30 26 13 12 . . . . 10 21 8 . . 44 22 . 12 . 27 . 28 Fabricators 12 | . . . . . . . . 1 . . . . 6 . . . . 3 2 . . . . . . Repair Stations 14 | . . . . . 4 2 . . . . . . 6 . . . . . 2 . . . . . . Recycling Units 17 | . 2 . . . 2 1 . 2 . . . . 2 2 . . . 2 2 . 2 . . . . Scanalyzers 12 | . . . . . . 4 . . . . . . 4 . . . . . . . . . 4 . . Garrison Access 19 | . . . . . 2 . . 2 . . . . . . . . . 1 . . 3 . 6 . 5 Terminal Hacks 125 | . 2 2 2 . 6 5 4 3 . . 28 . 3 12 5 . . 14 9 . 5 . 13 . 12 Record 16 | . . . 1 . . . . . . . 11 . . . 4 . . . . . . . . . . Part Schematic 13 | . . . . . . 1 1 . . . 9 . . 1 . . . . . . . . 1 . . Robot Schematic 5 | . . . . . . . . . . . 5 . . . . . . . . . . . . . . Robot Analysis 1 | . . . . . . . . . . . . . . . . . . 1 . . . . . . . Prototype ID Bank 10 | . . . . . . . . . . . 3 . . 2 . . . 1 . . . . 2 . 2 Open Door 3 | . . . . . . . 2 . . . . . . . 1 . . . . . . . . . . Level Access Points 2 | . . . . . . . . . . . . . . . . . . . . . . . 1 . 1 Branch Access Points 5 | . . . . . 1 . . . . . . . . . . . . 1 . . 1 . 1 . 1 Terminal Index 8 | . 1 . . . 1 1 . . . . . . . 1 . . . 1 . . 1 . 1 . 1 Fabricator Index 2 | . . . . . . . . . . . . . . . . . . 1 . . . . . . 1 Garrison Index 1 | . . . . . . . . . . . . . . . . . . 1 . . . . . . . Alert Level 7 | . . . . . . . . . . . . . 1 . . . . 2 . . 1 . 2 . 1 Unreport Threat 16 | . . . . . 2 2 . 1 . . . . . 1 . . . 1 2 . . . 3 . 4 Locate Traps 16 | . 1 . . . 1 1 . 1 . . . . 1 4 . . . 2 4 . 1 . . . . Disarm Traps 1 | . . . . . . . . . . . . . . 1 . . . . . . . . . . . Maintenance Status 1 | . . . . . . . . 1 . . . . . . . . . . . . . . . . . Recall Extermination 3 | . . . . . . . . . . . . . 1 . . . . 2 . . . . . . . Hauler Manifests 4 | . . . . . 1 . . . . . . . . . . . . 1 1 . 1 . . . . Registered Prototypes 1 | . . . . . . . . . . . . . . . . . . . . . . . 1 . . Zone Layout 9 | . . 2 . . . . 1 . . . . . . 2 . . . . 2 . . . 1 . 1 Proto ID Catalog 1 | . . . 1 . . . . . . . . . . . . . . . . . . . . . . Fabricator Hacks 4 | . . . . . . . . . . . . . 3 . . . . . 1 . . . . . . Network Status 2 | . . . . . . . . . . . . . 1 . . . . . 1 . . . . . . Load Schematic 1 | . . . . . . . . . . . . . 1 . . . . . . . . . . . . Build 1 | . . . . . . . . . . . . . 1 . . . . . . . . . . . . Repair Station Hacks 14 | . . . . . 4 2 . . . . . . 6 . . . . . 2 . . . . . . Scan Component 7 | . . . . . 2 1 . . . . . . 3 . . . . . 1 . . . . . . Repair 7 | . . . . . 2 1 . . . . . . 3 . . . . . 1 . . . . . . Recycling Unit Hacks 10 | . 2 . . . 1 . . 1 . . . . . 1 . . . 2 1 . 2 . . . . Report Inventory 10 | . 2 . . . 1 . . 1 . . . . . 1 . . . 2 1 . 2 . . . . Scanalyzer 11 | . . . . . . 3 . . . . . . 4 . . . . . . . . . 4 . . Insert Component 5 | . . . . . . 2 . . . . . . 2 . . . . . . . . . 1 . . Analyze 6 | . . . . . . 1 . . . . . . 2 . . . . . . . . . 3 . . Garrison Access Hacks 7 | . . . . . . . . 2 . . . . . . . . . 1 . . 1 . 1 . 2 Seal Access 7 | . . . . . . . . 2 . . . . . . . . . 1 . . 1 . 1 . 2 Unauthorized Hacks 49 | . 6 . . . 9 9 . 3 . . . . 6 3 . . . 7 2 . . . 1 . 3 Terminals 41 | . 6 . . . 8 9 . 2 . . . . 3 2 . . . 6 1 . . . 1 . 3 Assimilate 6 | . 1 . . . . 1 . 2 . . . . . . . . . 2 . . . . . . . Botnet 18 | . . . . . 3 2 . . . . . . 3 2 . . . 3 1 . . . 1 . 3 Operators 1 | . . . . . . 1 . . . . . . . . . . . . . . . . . . . Skim 16 | . 5 . . . 5 5 . . . . . . . . . . . 1 . . . . . . . Fabricators 4 | . . . . . . . . . . . . . 2 . . . . 1 1 . . . . . . Liberate 4 | . . . . . . . . . . . . . 2 . . . . 1 1 . . . . . . Repair Stations . | . . . . . . . . . . . . . . . . . . . . . . . . . . Recycling Units 4 | . . . . . 1 . . 1 . . . . 1 1 . . . . . . . . . . . Tunnel 4 | . . . . . 1 . . 1 . . . . 1 1 . . . . . . . . . . . Scanalyzers . | . . . . . . . . . . . . . . . . . . . . . . . . . . Garrison Access . | . . . . . . . . . . . . . . . . . . . . . . . . . . Data Cores Recovered 1 | . . . . . . . . . . . . . . . . . . . . . . . 1 . . Used 1 | . . . . . . . . . . . . . . . . . . . . . . . 1 . . Hacking Detections 84 | . 4 1 . . 10 12 5 6 . . . . 9 7 4 . . 6 4 . 5 . 3 . 8 Full Trace Events 4 | . . . . . 1 1 . . . . . . 1 . 1 . . . . . . . . . . Feedback Events . | . . . . . . . . . . . . . . . . . . . . . . . . . . Feedback Blocked . | . . . . . . . . . . . . . . . . . . . . . . . . . . Robot Schematics Acquired 5 | . . . . . . . . . . . 5 . . . . . . . . . . . . . . Robots Built . | . . . . . . . . . . . . . . . . . . . . . . . . . . Authchips . | . . . . . . . . . . . . . . . . . . . . . . . . . . Time . | . . . . . . . . . . . . . . . . . . . . . . . . . . Total Robot Build Rating . | . . . . . . . . . . . . . . . . . . . . . . . . . . Part Schematics Acquired 17 | . . . . . . 2 1 . . . 9 . 2 1 . . . . . . . . 2 . . Parts Built 1 | . . . . . . . . . . . . . 1 . . . . . . . . . . . . Authchips . | . . . . . . . . . . . . . . . . . . . . . . . . . . Time 134 | . . . . . . . . . . . . . 134 . . . . . . . . . . . . Total Part Build Rating 4 | . . . . . . . . . . . . . 4 . . . . . . . . . . . . Parts Repaired 7 | . . . . . 2 1 . . . . . . 3 . . . . . 1 . . . . . . Time 278 | . . . . . 52 38 . . . . . . 126 . . . . . 62 . . . . . . Parts Recycled . | . . . . . . . . . . . . . . . . . . . . . . . . . . Recycled Matter . | . . . . . . . . . . . . . . . . . . . . . . . . . . Retrieved Matter . | . . . . . . . . . . . . . . . . . . . . . . . . . . Retrieved Components . | . . . . . . . . . . . . . . . . . . . . . . . . . . Parts Scanalyzed 4 | . . . . . . 1 . . . . . . 2 . . . . . . . . . 1 . . Part Schematics Acquired 4 | . . . . . . 1 . . . . . . 2 . . . . . . . . . 1 . . Parts Damaged . | . . . . . . . . . . . . . . . . . . . . . . . . . . Bothacking | -11 -10 -10 -10 -9 -8 -7 -7 -6 -6 -6 -6 -5 -5 -5 -5 -5 -5 -4 -4 -4 -3 -3 -2 -2 -1 ------------ Run | Yrd Mat Min Exi Min Mat Fac Sto Fac Low Low Dat Pro Fac Ext Cet Arc Hub Fac Arm Lab Res Tes Res Qua Acc Used RIF Installer . | . . . . . . . . . . . . . . . . . . . . . . . . . . Robots Hacked . | . . . . . . . . . . . . . . . . . . . . . . . . . . Non-combat . | . . . . . . . . . . . . . . . . . . . . . . . . . . Combat . | . . . . . . . . . . . . . . . . . . . . . . . . . . Robot Hacks Applied . | . . . . . . . . . . . . . . . . . . . . . . . . . . Relay Couplers Released 3 | . . . . . . . . . . . . . . . . . . 1 . . . . . . 2 Machine Destruction 3 | . . . . . . . . . . . . . . . . . . 1 . . . . . . 2 Fabnet Peak Effective % . | . . . . . . . . . . . . . . . . . . . . . . . . . . Robots Rewired 16 | . . . . . . . . . . . . . . 16 . . . . . . . . . . . Allies Hacked . | . . . . . . . . . . . . . . . . . . . . . . . . . . Hacks Repelled . | . . . . . . . . . . . . . . . . . . . . . . . . . . Allies | -11 -10 -10 -10 -9 -8 -7 -7 -6 -6 -6 -6 -5 -5 -5 -5 -5 -5 -4 -4 -4 -3 -3 -2 -2 -1 -------- Run | Yrd Mat Min Exi Min Mat Fac Sto Fac Low Low Dat Pro Fac Ext Cet Arc Hub Fac Arm Lab Res Tes Res Qua Acc Total Allies 67 | . . 2 . . . 1 10 2 . . . . . 25 5 . . 4 10 . . . . . 8 Largest Group 14 | . . 2 . . . 1 10 11 . . . . . 13 14 9 9 2 10 . . . . . 7 Highest-Rated Group 864 | . . 42 . . . 10 173 209 . . . . . 516 864 578 558 98 481 . . . . . 99 Highest-Rated Ally 159 | . . 31 . . . 10 29 29 . . . . . 159 159 96 96 49 58 . . . . . 15 Total Orders 1 | . . . . . . . . 1 . . . . . . . . . . . . . . . . . STAY 1 | . . . . . . . . 1 . . . . . . . . . . . . . . . . . Ally Attacks 412 | . . 18 . . . . . 63 . . . . . 111 101 39 39 4 20 . . . . . 17 Total Damage 8898 | . . 211 . . . . . 914 . . . . . 2132 2472 1006 1293 104 640 . . . . . 126 Kills 45 | . . 2 . . . . . 5 . . . . . 17 11 4 3 . 3 . . . . . . Allies Corrupted 5 | . . . . . . . . . . . . . . . . . 5 . . . . . . . . Allies Melted . | . . . . . . . . . . . . . . . . . . . . . . . . . . Intel | -11 -10 -10 -10 -9 -8 -7 -7 -6 -6 -6 -6 -5 -5 -5 -5 -5 -5 -4 -4 -4 -3 -3 -2 -2 -1 ------- Run | Yrd Mat Min Exi Min Mat Fac Sto Fac Low Low Dat Pro Fac Ext Cet Arc Hub Fac Arm Lab Res Tes Res Qua Acc Active Infowar (turns) 19326 | 46 1017 592 307 321 5313 2786 1189 416 164 120 23 342 882 1075 460 1209 112 600 559 254 603 144 164 195 433 Optics 16646 | . . . . . 4916 2786 1189 416 164 120 23 342 882 1075 460 1209 112 600 559 254 603 144 164 195 433 Sensors 4 | . . . . . . . . . . . . . . . . . . . . . 2 . 2 . . Structural 1729 | . . . . . 1188 541 . . . . . . . . . . . . . . . . . . . Seismic 3415 | 46 1017 592 307 321 60 117 . 414 164 120 23 234 . . . . . . . . . . . . . ECM 969 | . . . . . . . 9 1 . . . 176 141 . . . . 302 340 . . . . . . Robot Analysis Total 1 | . . . . . . . . . . . . . . . . . . 1 . . . . . . . Derelict Logs Recovered 8 | . . 2 . 2 . . . . 1 1 . 2 . . . . . . . . . . . . . Drone Launches . | . . . . . . . . . . . . . . . . . . . . . . . . . . Drone Recoveries . | . . . . . . . . . . . . . . . . . . . . . . . . . . Exploration | -11 -10 -10 -10 -9 -8 -7 -7 -6 -6 -6 -6 -5 -5 -5 -5 -5 -5 -4 -4 -4 -3 -3 -2 -2 -1 ------------- Run | Yrd Mat Min Exi Min Mat Fac Sto Fac Low Low Dat Pro Fac Ext Cet Arc Hub Fac Arm Lab Res Tes Res Qua Acc Turns Passed 20586 | 113 1530 1213 307 380 5313 2786 1189 416 164 120 23 342 882 1075 460 1209 112 600 559 254 603 144 164 195 433 Spaces Moved 16954 | 51 649 664 278 276 1443 1189 447 870 499 398 82 616 1249 1449 459 215 160 1335 722 309 1102 370 508 390 1224 Core 453 | 5 . . . . . . . . . . . . . . . . . . 29 309 69 . . . 41 Treads 2746 | 46 649 97 . . 352 1189 413 . . . . . . . . . . . . . . . . . . Legs 1526 | . . . 159 276 1091 . . . . . . . . . . . . . . . . . . . . Wheels 686 | . . 567 119 . . . . . . . . . . . . . . . . . . . . . . Hover . | . . . . . . . . . . . . . . . . . . . . . . . . . . Flight 11543 | . . . . . . . 34 870 499 398 82 616 1249 1449 459 215 160 1335 693 . 1033 370 508 390 1183 Fastest Speed 18 | 50 160 145 90 45 100 163 28 28 28 28 28 28 26 27 27 27 27 26 28 50 19 18 18 18 18 Average Speed 64 | 149 171 158 107 88 136 175 200 28 28 28 28 28 26 27 27 27 27 26 31 50 28 18 18 18 25 Slowest Speed 410 | 160 240 320 170 90 410 250 250 28 28 28 28 28 29 27 27 27 27 28 50 50 50 19 18 93 50 Overloaded Moves 11 | . . . . 11 . . . . . . . . . . . . . . . . . . . . . Propulsion Burnouts . | . . . . . . . . . . . . . . . . . . . . . . . . . . Robots Hopped 74 | . . . . . . . . 1 . . . 1 14 13 . . . 10 2 . 1 4 2 3 23 Potential Cave-ins 2 | . . . . . . . . . . . . . . . . . . . . . . . . . 2 Cave-ins Triggered 1 | . . . . . . . . . . . . . . . . . . . 1 . . . . . . Teleports 1 | . . . . . . . . . . . . . . . . . . . . 1 . . . . . Exploration Rate (%) 58 | 5 95 93 68 70 91 45 64 20 80 62 74 84 28 89 91 90 24 36 59 96 27 47 20 40 35 Regions Visited 25 Branch Regions 16 Pre-discovered Areas 16 | . . 2 1 1 5 1 . 1 . 1 1 1 1 1 . . . . . . . . . . . Known Exits Taken 20 | . . . . 1 1 1 1 1 1 1 1 1 1 1 1 1 1 1 . 1 1 1 1 1 . Unknown Exits Taken 5 | 1 1 1 1 . . . . . . . . . . . . . . . 1 . . . . . . Scrap Searched 9 | . . 1 . 1 . . . . 3 1 . 3 . . . . . . . . . . . . . Spaces Dug 407 | . 9 . . 1 27 11 7 14 6 . . 23 17 14 . . 166 14 37 . 13 3 9 16 20 Terrain Destroyed 1522 | . 12 . . 13 145 50 47 14 6 . . 23 19 82 90 16 322 55 56 . 13 3 9 16 531 Melee 189 | . . . . . 16 11 3 13 2 . . 15 17 14 . . 6 12 35 . 13 2 9 9 12 Projectile 134 | . 12 . . 2 39 . 17 1 4 . . 8 2 2 2 16 8 2 3 . . 1 . 7 8 AOE 1199 | . . . . 11 90 39 27 . . . . . . 66 88 . 308 41 18 . . . . . 511 Terrain Rammed . | . . . . . . . . . . . . . . . . . . . . . . . . . . Walls Destroyed . | . . . . . . . . . . . . . . . . . . . . . . . . . . Machines Disabled . | . . . . . . . . . . . . . . . . . . . . . . . . . . Actions | -11 -10 -10 -10 -9 -8 -7 -7 -6 -6 -6 -6 -5 -5 -5 -5 -5 -5 -4 -4 -4 -3 -3 -2 -2 -1 --------- Run | Yrd Mat Min Exi Min Mat Fac Sto Fac Low Low Dat Pro Fac Ext Cet Arc Hub Fac Arm Lab Res Tes Res Qua Acc Total 24906 | 75 901 756 288 371 4483 1696 650 1016 510 405 81 739 1726 2040 766 1323 193 1513 962 392 1320 423 558 451 1268 Wait 6314 | 10 141 37 . 66 2763 331 77 102 . 6 . 87 382 502 266 1057 8 128 171 59 53 13 30 4 21 Move 16788 | 50 648 663 277 275 1442 1188 446 867 498 397 81 613 1220 1424 458 214 159 1316 717 308 1099 363 503 385 1177 Hop 66 | . . . . . . . . 1 . . . 1 14 11 . . . 8 2 . 1 2 2 1 23 Pick Up 113 | 3 14 8 2 2 27 19 16 3 . . . 2 4 . 2 . . 4 1 1 1 1 1 2 . Fast Attach 177 | 7 2 . 2 . 15 5 7 7 . 1 . . 9 1 4 6 . 14 9 7 54 14 5 1 7 Attach 52 | . . 1 . 3 12 5 9 1 . . . 1 4 1 . . . 6 3 1 . 1 . . 4 Detach 23 | . 2 . 1 . 2 1 1 1 . . . . 2 1 . . . 2 2 2 1 . . 2 3 Swap 115 | . 16 11 . 7 17 13 16 2 . . . 3 2 7 4 . . 1 1 . 2 2 1 10 . Drop 196 | . 4 5 6 . 29 20 21 8 . 1 . 1 9 . 6 6 . 5 4 4 40 15 4 5 3 Fire 572 | 5 74 31 . 18 150 94 43 1 10 . . 15 5 15 25 38 14 7 4 . 3 1 . 8 11 Melee 375 | . . . . . 26 18 12 23 2 . . 16 30 60 1 2 12 22 44 10 40 11 12 15 19 Ram . | . . . . . . . . . . . . . . . . . . . . . . . . . . Kick . | . . . . . . . . . . . . . . . . . . . . . . . . . . Crush . | . . . . . . . . . . . . . . . . . . . . . . . . . . Escape Stasis 82 | . . . . . . . . . . . . . 45 11 . . . . . . 26 . . . . Rewire 15 | . . . . . . 2 2 . . . . . . 7 . . . . 4 . . . . . . Trap . | . . . . . . . . . . . . . . . . . . . . . . . . . . Miscellaneous 18 | . . . . . . . . . . . . . . . . . . . . . . . . 18 . Route ------- -11/Scrapyard -10/Materials (discovered 5 exits: *Mat x3 / *Min / Sub) -10/Mines (discovered 4 exits: *Mat x2 / *Exi / *Sub) -10/Exiles -9/Mines (discovered 2 exits: *Mat x2) -8/Materials (discovered 3 exits: *Fac x3) -7/Factory (discovered 7 exits: *Fac x4 / *Sto / *Low x2) -7/Storage -6/Factory (discovered 2 exits: *Fac / *Low) -6/Lower Caves -6/Lower Caves -6/Data Miner -5/Proximity Caves -5/Factory (discovered 3 exits: *Upp / *Ext x2) -5/Extension (discovered 3 exits: *Fac x2 / *Cet) -5/Cetus (discovered 2 exits: *Fac / *Arc) -5/Archives (discovered 3 exits: *Fac / *Hub x2) -5/Hub_04(d) (discovered 2 exits: *Fac x2) -4/Factory (discovered 4 exits: *Res / Upp x2 / *Arm) -4/Armory (discovered 2 exits: *Res / *Lab) -4/Lab -3/Research (discovered 3 exits: *Res / *Tes x2) -3/Testing -2/Research (discovered 5 exits: Acc x3 / *Qua x2) -2/Quarantine -1/Access (discovered 2 exits: *Sur / Com) To Fleet Rendezvous History --------- Turn | Location | Event 7 | -11/Scrapyard | Discovered new exit (range 15) 114 | -11/Scrapyard | Entered Materials 308 | -10/Materials | Build established: Mutant 508 | -10/Materials | Discovered new exit (range 13) 676 | -10/Materials | Discovered new exit (range 16) 946 | -10/Materials | Discovered new exit (range 15) 1043 | -10/Materials | Identified exit to Materials 1043 | -10/Materials | Identified exit to Subcaves 1132 | -10/Materials | Learned Storage terminal intel 1163 | -10/Materials | Learned Storage trap positions 1202 | -10/Materials | Learned 2 Materials zone layouts 1644 | -10/Materials | Entered Mines 1994 | -10/Mines | A weapon hastily lodged in a ceiling crevice suddenly fell to the ground 2166 | -10/Mines | Learned location of Storage (-7) 2498 | -10/Mines | Found a damaged Exp. Sensor Array with a note attached 2501 | -10/Mines | Found Prototype Device 2696 | -10/Mines | Discovered exit to Subcaves (range 5) 2850 | -10/Mines | Deemed a non-threat by the Exiles lab entrance 2850 | -10/Mines | Discovered new exit (range 5) 2857 | -10/Mines | Entered Exiles 2892 | -10/Exiles | Met 8R-AWN 2914 | -10/Exiles | Met EX-HEX 2953 | -10/Exiles | Met EX-BIN 2967 | -10/Exiles | Aligned with FarCom system 2968 | -10/Exiles | Given EX-Vault access code 3006 | -10/Exiles | Opened EX-Vault 3016 | -10/Exiles | Found Potential Leg 3019 | -10/Exiles | Found Potential Leg 3039 | -10/Exiles | Warned to stay clear of 0b10 Research branches 3064 | -10/Exiles | Met EX-DEC 3068 | -10/Exiles | Learned location of Zion (-7) 3152 | -10/Exiles | Discovered new exit (range 14) 3164 | -10/Exiles | Left Exiles lab with Potential Leg 3164 | -10/Exiles | Entered Mines 3165 | -9/Mines | Assembled infested the area 3224 | -9/Mines | Identified exit to Materials 3345 | -9/Mines | Core integrity fell below 50% 3511 | -9/Mines | Discovered exit to Materials (range 5) 3544 | -9/Mines | Entered Materials 3544 | -8/Materials | Evolved 4 slots: Propulsion x1, Utility x2, Weapon x1 3545 | -8/Materials | Identified exit to Factory 3714 | -8/Materials | Garrison activated, responded to threat 3809 | -8/Materials | Destroyed 8 combat bots 3819 | -8/Materials | Lost 5 parts (1p2u2w) 3921 | -8/Materials | Repaired Lgt. Cannon 4297 | -8/Materials | Discovered exit to Factory (range 8) 4357 | -8/Materials | Lost 4 parts (2u2w) 4619 | -8/Materials | Discovered exit to Factory (range 15) 5036 | -8/Materials | Build established: Assassin 5176 | -8/Materials | Repaired Grenade Launcher 5399 | -8/Materials | Learned location of 1 exit from Extension 5535 | -8/Materials | Build established: Mutant 5649 | -8/Materials | Learned Storage stockpile data 5768 | -8/Materials | Learned location of 3 exits from Factory 6774 | -8/Materials | Core integrity fell below 50% 8857 | -8/Materials | Entered Factory 8857 | -7/Factory | Evolved 2 slots: Propulsion x1, Utility x1 8858 | -7/Factory | Identified exit to Storage 8859 | -7/Factory | Identified exit to Factory 8859 | -7/Factory | Identified exit to Lower Caves 8999 | -7/Factory | Identified Exp. Sensor Array 9088 | -7/Factory | Garrison activated, responded to threat 9275 | -7/Factory | Build established: Assassin 9813 | -7/Factory | Build established: Mutant 9822 | -7/Factory | Repaired Arm. Treads 9966 | -7/Factory | Found Powered Armor 10575 | -7/Factory | Discovered exit to Factory (range 11) 10844 | -7/Factory | Assembled infested ambush trap array 11187 | -7/Factory | Found Powered Armor 11217 | -7/Factory | Learned location of 2 exits from Archives 11245 | -7/Factory | Learned Hub_04(d) interactive machine intel 11265 | -7/Factory | Learned location of 1 exit from Hub_04(d) 11275 | -7/Factory | Learned location of Upper Caves (-4) 11278 | -7/Factory | Learned location of 1 exit from Lower Caves 11289 | -7/Factory | Learned location of 1 exit from Extension 11311 | -7/Factory | Learned location of 2 exits from Archives 11560 | -7/Factory | Garrison activated, responded to threat 11623 | -7/Factory | Destroyed 9 combat bots 11643 | -7/Factory | Entered Storage 11644 | -7/Storage | Loaded intel: 23 trap records 11646 | -7/Storage | Loaded intel: 16 terminal locations 12451 | -7/Storage | Discovered exit to Factory (range 8) 12658 | -7/Storage | Assisted by bots powering up and referring to "LRC-V3" 12832 | -7/Storage | Entered Factory 12832 | -6/Factory | Accompanied by 10 allies 12832 | -6/Factory | Evolved 2 slots: Utility x2 12945 | -6/Factory | Discovered new exit (range 18) 12954 | -6/Factory | Discovered new exit (range 13) 12982 | -6/Factory | Identified exit to Factory 13114 | -6/Factory | Garrison activated, responded to threat 13248 | -6/Factory | Identified exit to Lower Caves 13248 | -6/Factory | Entered Lower Caves 13249 | -6/Lower Caves | Identified exit to Lower Caves 13265 | -6/Lower Caves | Entered a destroyed Warlord outpost 13277 | -6/Lower Caves | Learned location of 1 exit from Lower Caves 13387 | -6/Lower Caves | Build established: Hacker-Sprinter 13412 | -6/Lower Caves | Entered another Lower Caves area 13413 | -6/Lower Caves | Identified exit to Data Miner 13532 | -6/Lower Caves | Entered Data Miner 13532 | -6/Data Miner | Discovered new exit (range 6) 13536 | -6/Data Miner | Met Data Miner 13543 | -6/Data Miner | Learned location of Section 7 (-2) 13543 | -6/Data Miner | Acquired the access code to Warlord's prototype stash 13548 | -6/Data Miner | Received God Mode back door access code from Data Miner 13555 | -6/Data Miner | Identified exit to Proximity Caves 13555 | -6/Data Miner | Entered Proximity Caves 13588 | -5/Proximity Caves | Attracted the attention of an 0b10 checkpoint 13596 | -5/Proximity Caves | Learned location of Armory (-4) 13700 | -5/Proximity Caves | Spotter reported a threat 13726 | -5/Proximity Caves | Spotted B-75 Beast 13842 | -5/Proximity Caves | Spotter reported a threat 13882 | -5/Proximity Caves | Learned 4 Factory zone layouts 13894 | -5/Proximity Caves | Discovered exit to Factory (range 10) 13897 | -5/Proximity Caves | Entered Factory 13897 | -5/Factory | Evolved 2 slots: Propulsion x1, Utility x1 13898 | -5/Factory | Identified exit to Upper Caves 13898 | -5/Factory | Identified exit to Extension 14087 | -5/Factory | Repaired Lyr. Light Armor Plating 14126 | -5/Factory | Repaired Imp. Propulsion Shielding 14172 | -5/Factory | Repaired Adv. Assault Cannon 14198 | -5/Factory | Discovered exit to Extension (range 19) 14573 | -5/Factory | Fabricated Imp. Cesium-ion Thruster? 14779 | -5/Factory | Entered Extension 14780 | -5/Extension | Identified exit to Factory 14780 | -5/Extension | Identified exit to Cetus 14792 | -5/Extension | Rescued a captive Derelict 14793 | -5/Extension | Rescued a captive Derelict 14795 | -5/Extension | Rescued a captive Derelict 14805 | -5/Extension | Rescued a captive Derelict 14806 | -5/Extension | Rescued a captive Derelict 14961 | -5/Extension | Rescued a captive Derelict 15164 | -5/Extension | Warlord forces began an assault 15174 | -5/Extension | Spotted B-75 Beast 15212 | -5/Extension | Spotted B-75 Beast 15280 | -5/Extension | Build established: Commander-Sprinter 15292 | -5/Extension | Lost 3 allies 15424 | -5/Extension | Rescued A7 15425 | -5/Extension | Lost 7 allies 15581 | -5/Extension | Lost 5 allies 15586 | -5/Extension | Rescued a captive Derelict 15586 | -5/Extension | Rescued a captive Derelict 15668 | -5/Extension | Discovered exit to Factory (range 10) 15854 | -5/Extension | Entered Cetus 15854 | -5/Cetus | Accompanied by 13 allies (A7) 15859 | -5/Cetus | Acquired a Cetus Manufacturing Module code from A7 15859 | -5/Cetus | Spotted Cetus Guard 15859 | -5/Cetus | Spotted Cetus Guard 15859 | -5/Cetus | Spotted Cetus Guard 15859 | -5/Cetus | Spotted Cetus Guard 15894 | -5/Cetus | Allies destroyed Cetus Guard 15902 | -5/Cetus | Allies destroyed Cetus Guard 15903 | -5/Cetus | Allies destroyed Cetus Guard 15906 | -5/Cetus | Allies destroyed Cetus Guard 15931 | -5/Cetus | Lost 4 allies 15932 | -5/Cetus | Started Cetus Manufacturing Module 15957 | -5/Cetus | Manufactured an Enhanced Grunt 15976 | -5/Cetus | Escorted A7 to Cetus Mainframe 15982 | -5/Cetus | Manufactured an Enhanced Grunt 16003 | -5/Cetus | Discovered new exit (range 21) 16007 | -5/Cetus | Manufactured an Enhanced Grunt 16032 | -5/Cetus | Manufactured an Enhanced Grunt 16057 | -5/Cetus | Manufactured an Enhanced Grunt 16128 | -5/Cetus | Spotted Cetus Guard 16128 | -5/Cetus | Spotted Cetus Guard 16128 | -5/Cetus | Spotted Cetus Guard 16128 | -5/Cetus | Spotted Cetus Guard 16150 | -5/Cetus | Allies destroyed Cetus Guard 16155 | -5/Cetus | Allies destroyed Cetus Guard 16158 | -5/Cetus | Destroyed Cetus Guard 16158 | -5/Cetus | Allies destroyed Cetus Guard 16161 | -5/Cetus | Discovered exit to Factory (range 21) 16164 | -5/Cetus | Met Revision 17 16185 | -5/Cetus | Lost 3 allies 16246 | -5/Cetus | Murdered A7 16249 | -5/Cetus | Extracted ID and sensor layout for unrecognized location from A7's data core 16276 | -5/Cetus | Identified exit to Archives 16314 | -5/Cetus | Entered Archives 16314 | -5/Archives | Accompanied by 9 allies 16315 | -5/Archives | Identified exit to Hub_04(d) 17523 | -5/Archives | Entered Hub_04(d) 17523 | -5/Hub_04(d) | Accompanied by 9 allies 17525 | -5/Hub_04(d) | Loaded intel: 14 interactive machine locations 17561 | -5/Hub_04(d) | Discovered exit to Factory (range 3) 17596 | -5/Hub_04(d) | Network Hub disabled 17616 | -5/Hub_04(d) | Spotted Lightning 17632 | -5/Hub_04(d) | Network Hub disabled 17633 | -5/Hub_04(d) | Spotted Lightning 17635 | -5/Hub_04(d) | Spotted Lightning 17635 | -5/Hub_04(d) | Spotted Lightning 17635 | -5/Hub_04(d) | Spotted Lightning 17635 | -5/Hub_04(d) | Entered Factory 17635 | -4/Factory | Evolved 2 slots: Power x1, Propulsion x1 17664 | -4/Factory | Lost 9 allies 17897 | -4/Factory | Build established: Hacker-Sprinter 17922 | -4/Factory | Spotted B-86 Titan 17923 | -4/Factory | Identified exit to Upper Caves 17923 | -4/Factory | Identified exit to Armory 17985 | -4/Factory | Discovered new exit (range 7) 17992 | -4/Factory | Identified exit to Research 18021 | -4/Factory | Lost 6 parts (2p1n2u1w) 18235 | -4/Factory | Entered Armory 18395 | -4/Armory | Repaired Field Propulsion Array 18515 | -4/Armory | Crushed by falling debris 18515 | -4/Armory | System corruption reached 10% 18546 | -4/Armory | Lost 3 parts (1p2u) 18559 | -4/Armory | Assisted by bots powering up and referring to "LRC-V3" 18612 | -4/Armory | Lost 10 allies 18621 | -4/Armory | Spotted B-86 Titan 18663 | -4/Armory | Lost 5 parts (3n2u) 18776 | -4/Armory | Discovered exit to Research (range 2) 18790 | -4/Armory | Discovered new exit (range 3) 18794 | -4/Armory | Entered Lab 18794 | -4/Lab | Discovered exit to Research (range 9) 18800 | -4/Lab | Hidden lab's door opened automatically 18800 | -4/Lab | Sensor layout match revealed 18801 | -4/Lab | Gained access to the hidden lab's interior 18804 | -4/Lab | Unable to decrypt terminal 18864 | -4/Lab | Found Alien Artifact 18864 | -4/Lab | Identified Core Regenerator 18864 | -4/Lab | Used Core Regenerator, restored core integrity (+287) 18879 | -4/Lab | Found Prototype Energy Cannon 18879 | -4/Lab | Identified Warp Cannon 18883 | -4/Lab | Found Prototype Protection 18883 | -4/Lab | Identified Exp. Powered Armor 18889 | -4/Lab | Found Prototype Hackware 18889 | -4/Lab | Identified Deep Network Scanner 18971 | -4/Lab | Found Prototype Special Weapon 18971 | -4/Lab | Identified Gui. Remote Datajack 18995 | -4/Lab | Found Alien Artifact 18995 | -4/Lab | Identified Integrated Dissipator 18995 | -4/Lab | Installed Integrated Dissipator, increased core heat dissipation (+20) 19003 | -4/Lab | Found Alien Artifact 19003 | -4/Lab | Identified Transdimensional Reconstructor 19003 | -4/Lab | Warped through subspace 19027 | -4/Lab | Found Alien Artifact 19044 | -4/Lab | Identified Core Reset Matrix 19044 | -4/Lab | Used Core Reset Matrix 19048 | -4/Lab | Entered Research 19048 | -3/Research | Evolved 2 slots: Propulsion x1, Utility x1 19073 | -3/Research | Discovered new exit (range 22) 19215 | -3/Research | Found Prototype Hackware 19215 | -3/Research | Identified Exp. Hacking Suite 19248 | -3/Research | Revision forces began assault on 0b10 19265 | -3/Research | Met up with Revision 17++ 19278 | -3/Research | Build established: Hacker-Mutant 19279 | -3/Research | Identified exit to Research 19474 | -3/Research | Found Prototype Processor 19474 | -3/Research | Identified Exp. Targeting Computer 19565 | -3/Research | Identified exit to Testing 19594 | -3/Research | Lost 3 allies 19627 | -3/Research | Build established: Hacker-Sprinter 19651 | -3/Research | Entered Testing 19652 | -3/Testing | Maximum security lockdown engaged 19658 | -3/Testing | Found Prototype Energy Cannon 19658 | -3/Testing | Identified Cld. Nova Cannon 19667 | -3/Testing | Spotted PL-WVU7MHLXD4 19681 | -3/Testing | Found Prototype Energy Cannon 19681 | -3/Testing | Identified Disintegrator 19715 | -3/Testing | Found Prototype Device 19715 | -3/Testing | Identified Exp. Focal Shield 19719 | -3/Testing | Found Prototype Processor 19719 | -3/Testing | Identified Exp. Signal Interpreter 19721 | -3/Testing | Discovered exit to Research (range 11) 19795 | -3/Testing | Entered Research 19795 | -2/Research | Evolved 2 slots: Utility x2 19821 | -2/Research | Identified exit to Access 19847 | -2/Research | Spotted B-90 Cyclops 19874 | -2/Research | Identified exit to Quarantine 19959 | -2/Research | Entered Quarantine 19960 | -2/Quarantine | Maximum security lockdown engaged 19960 | -2/Quarantine | Detected hypermatrix surge 19960 | -2/Quarantine | Sensed 17 artifacts in vicinity 19991 | -2/Quarantine | Found Sigix Broadsword 20049 | -2/Quarantine | Spotted Alpha 7 20102 | -2/Quarantine | Found Sigix Terminator 20113 | -2/Quarantine | Spotted Executioner 20152 | -2/Quarantine | Found Subatomic Replicator 20153 | -2/Quarantine | Discovered exit to Access (range 3) 20154 | -2/Quarantine | Entered Access 20154 | -1/Access | Evolved 2 slots: Propulsion x1, Utility x1 20171 | -1/Access | Identified exit to Command 20327 | -1/Access | Spotted B-99 Colossus 20327 | -1/Access | Spotted B-99 Colossus 20388 | -1/Access | Lost 14 parts (2p5n5u2w) 20524 | -1/Access | Core integrity fell below 50% 20534 | -1/Access | Spotted B-99 Colossus 20560 | -1/Access | Identified exit to Surface 20563 | -1/Access | Spotted B-99 Colossus 20565 | -1/Access | Fired Sigix Terminator 20565 | -1/Access | Energy Cycler disabled 20572 | -1/Access | Emitted hypermatrix ping 20577 | -1/Access | Assembled emerged from beneath the floor 20581 | -1/Access | Core integrity fell below 20% 20586 | -1/Access | Destroyed 10 combat bots 20587 | *** | Heading to fleet! Last Messages --------------- 20573_ U-05 Engineer lays Concrete. 20575_ U-05 Engineer builds a Wall. 20576_ U-05 Engineer lays Concrete. 20576_ P-80 Master resets P-80 Master, system corruption cleaned. 20577_ Assembled emerge from beneath the floor. 20577_ Slug penetrates B-99 Colossus. 20577_ as-85220 destroyed. 20577_ Slug penetrates as-90866. 20578_ System corrupted: Component data lost. 20578_ The unstable cave ceiling collapses. 20578_ Detected hypermatrix ping. 20579_ ALERT: Construction progress impeded, dispatching reinforcements to local area. 20580_ Knocked back. 20581_ as-90866 knocked back. 20581_ Slug penetrates as-81418. 20581_ Slug penetrates as-90866. 20581_ as-49169 destroyed. 20584_ as-95746 knocked back. 20584_ The Access Shell folds into the floor. Map ----- +----------------------------------------------------+ | ?????????????????????????????????????????????????? | | ?????????????????????????????????????????????????? | | ????????????????????????????????????????????????? | | ??????????????? ?????????????????????????? | | ????? """"""""""";;#???????????????????????? | | ?? "" #??????????????????????? | | "" #??????????????????????? | | "" ##?????????????????????? | | "; ;#?????????????????????? | | ! ;; ;#?????????????????????? | | """" # ";;;; ;##????????????????????? | | ; ; #????????????????????? | | ; #????????????????????? | | "";;; ; ; #????????????????????? | | " ; ; #?????????????????????? | | ""; ; ; #?????????????????????? | | B; ; ; #?????????????????????? | | B; ; ;;;; #??????????????????????? | | ;;; ; ; #??????????????????????? | | ; ; ;;;;;; ;;;;#####??????????????????? | | """""%;; ; "??????????????????? | | ; ; "????BB????????????? | | ; ; "????BB????????????? | | ; ; "??????????????????? | | ; ; "" "??????????????????? | | ; %; @" "??????????????????? | | ; ; "??????????????????? | | ; ; "????BB????????????? | | ; ; " "????BB????????????? | | ; ; " "??????????????????? | | ; ; ;;#####"##########??????????????????? | | ; ; ###?????????????????????????????????? | | ; ## #???????????????????????????????????? | | ########### #???????????????????????????????????? | | ??????????# #???????????????????????????????????? | | ??????????# #???????????????????????????????????? | | ??????????# #???????????????????????????????????? | | ??????????# H#???????????????????????????????????? | | ??????????# #???????????????????????????????????? | | ?????????? ???????????????????????????????????? | | ?????????? ???????????????????????????????????? | | ?????????? ???????????????????????????????????? | | ?????????? #??????????????????????????????????? | | ?????????######??????????????????????????????????? | | ?????????????????????????????????????????????????? | | ?????????????????????????????????????????????????? | | ?????????????????????????????????????????????????? | | ?????????????????????????????????????????????????? | | ?????????????????????????????????????????????????? | | ?????????????????????????????????????????????????? | +----------------------------------------------------+ Best States ------------- Heat Dissipation 85 Energy Generation 37 Energy Capacity 325 Matter Stores 300 Matter Capacity 300 Sight Range 22 Terrain Scan Density 85 ECM Strength 1 Armor Coverage 625 Resistance: KI 30 Propulsion Shielding 66 Evasion (%) 76 Targeting Accuracy 20 Melee Accuracy 22 Launcher Accuracy 20 Armor Integrity Analysis 30 Recoil Reduction 6 Offensive Hacking 51 Defensive Hacking 12 Item Schematics ----------------- Nanosword | -2/Research | Hacked Imp. Diametric Drive | -2/Research | Scanalyzed Robot Schematics ------------------ None Fabricated ------------ Imp. Cesium-ion Thruster | x1 | -5/Factory Repaired ---------- Lgt. Cannon | 30% | -8/Materials Grenade Launcher | 60% | -8/Materials Arm. Treads | 66% | -7/Factory Lyr. Light Armor Plating | 68% | -5/Factory Imp. Propulsion Shielding | 72% | -5/Factory Adv. Assault Cannon | 70% | -5/Factory Field Propulsion Array | 69% | -4/Armory Alien Tech Used ----------------- Core Regenerator Integrated Dissipator Transdimensional Reconstructor Core Reset Matrix Sigix Broadsword Sigix Terminator Achievements -------------- Hard Hitter Revolutionary Research Challenges ------------ None Game ------ Seed RegenerativeBurstTelecube Manual? 0 Play Time 05:03:55 Cumulative 244.1 hours Start 2025.08.06 @ 06:41:24 End 2025.08.08 @ 06:50:02 Sessions 11 Manual Loads 0 Difficulty Rogue Special Mode None Game No. 118 Rogue 97 Adventurer 21 Explorer 0 Win Type 2 Total 12 Types 8/0/3/1/0/0/0/0/0/0 Lore% 46 Gallery% 65 Achievement% 61 Wizard Run 0 Options --------- Layout 1 ASCII 0 Keyboard 0 Movement Mouse Keybinds 0 Fullscreen 2 Font 32/SmallcapsGlow Map View 77x35 Zoom Use 0% Tactical HUD 1 Map Filters NONE Filters NONE Steam 1 RUN: 60553123-42b2-4db7-a557-be8c86b87b41